 Dungeon Crawl Stone Soup version 0.24.0-10-g970556be89 (console) character file.

Game seed: 16906298917326588342, levelgen mode: deterministic

5686 AlterAsc the Martial Artist (level 10, -3/68 HPs)
             Began as an Octopode Transmuter on Nov 4, 2019.
             Was an Initiate of Gozag.
             Killed from afar by an electric eel (9 damage)
             ... with a bolt of electricity
             ... on level 8 of the Dungeon.
             The game lasted 00:44:00 (9565 turns).

AlterAsc the Martial Artist (Octopode Transmuter)   Turns: 9565, Time: 00:44:01

Health: -3/68      AC:  2    Str: 12    XL:     10   Next: 75%
Magic:  18/20      EV: 26    Int: 15    God:    Gozag
Gold:   696        SH:  0    Dex: 19    Spells: 13/23 levels left

rFire    . . .     SeeInvis +     - Unarmed
rCold    . . .     Gourm    .   (shield currently unavailable)
rNeg     . . .     Faith    .   (helmet currently unavailable)
rPois    x         Spirit   .   (no amulet)
rElec    .         Reflect  .   h - ring of see invisible
rCorr    .         Harm     .   e - +1 ring of evasion
MR       +....                  I - ring of protection from magic
Stlth    ++........             (no ring)
HPRegen  0.21/turn              (no ring)
MPRegen  0.17/turn              (no ring)
                                (no ring)
                                (no ring)

@: spider-form
A: tiny, almost no armour, stealthy swim, (amphibious), 8 rings, (constrict 8)
a: End Transformation, Potion Petition, Call Merchant, Bribe Branch, Renounce
Religion


You were on level 8 of the Dungeon.
You worshipped Gozag.
Gozag was pleased with you.
You were not hungry.
You were a venomous arachnid creature.
You visited 2 branches of the dungeon, and saw 10 of its levels.
You also visited: Ossuary.

You collected 1259 gold pieces.
You spent 42 gold pieces at shops.
You paid 521 gold pieces to Gozag.

Inventory:

Hand Weapons
 l - a +2 vampiric dagger
 m - a cursed -2 club
 J - a +4 scimitar of flaming
Missiles
 a - 244 arrows
Armour
 j - a +0 helmet
Magical Staves
 F - an uncursed staff of conjuration
Jewellery
 e - a +1 ring of evasion (right front leg)
 h - a ring of see invisible (left front leg)
 s - an uncursed amulet of the gourmand
 I - a ring of protection from magic (on tentacle)
Wands
 q - a wand of random effects (20)
 D - a wand of paralysis (11)
 K - a wand of iceblast (6)
Scrolls
 d - 11 scrolls of remove curse
 f - a scroll of blinking {unknown}
 k - 8 scrolls of teleportation
 o - 2 scrolls of fog {unknown}
 r - 4 scrolls of magic mapping
 t - 2 scrolls of noise
 v - 2 scrolls of random uselessness {unknown}
 x - 3 scrolls of fear
 y - 2 scrolls of enchant weapon {unknown}
 E - a scroll of identify
 G - a scroll of amnesia {unknown}
 H - a scroll of immolation {unknown}
Potions
 b - 3 potions of lignification {unknown}
 g - 2 potions of berserk rage {unknown}
 i - 3 potions of ambrosia
 n - 2 potions of mutation {unknown}
 p - 3 potions of invisibility {unknown}
 u - 5 potions of might {unknown}
 w - 3 potions of magic {unknown}
 z - a potion of resistance {unknown}
 A - a potion of curing {unknown}
 B - 2 potions of haste {unknown}
 C - a potion of degeneration {unknown}
 L - a potion of brilliance {unknown}
Comestibles
 c - 15 rations


   Skills:
 + Level 5.9 Fighting
 + Level 6.2 Dodging
 * Level 9.0 Unarmed Combat
 - Level 7.0 Spellcasting
 - Level 7.0 Transmutations
 - Level 2.8 Ice Magic


You had 13 spell levels left.
You knew the following spells:

 Your Spells              Type           Power        Failure   Level  Hunger
a - Beastly Appendage     Tmut           ####..       4%          1    None
b - Sticks to Snakes      Tmut           ####....     5%          2    None
c - Spider Form           Tmut/Pois      ###.......   24%         3    ##.....
d - Ice Form              Ice/Tmut       ###.....     36%         4    ####...

Your spell library contained the following spells:

 Spells                   Type           Power        Failure   Level  Hunger
 Blade Hands              Tmut           ####......   41%         5    #####..


Dungeon Overview and Level Annotations

Branches:
Dungeon (9/15)             Temple (1/1) D:5            Lair (0/6) D:8
Ossuary (visited)
    Orc: D:9-12

Altars:
Ashenzari
Cheibriados
Dithmenos
Elyvilon
Fedhas
Gozag
Hepliaklqana
Kikubaaqudgha
Makhleb
Nemelex Xobeh
Okawaru
Qazlal
Ru
Sif Muna
Trog
Uskayaw
Vehumet
Wu Jian
Xom
Yredelemnul
Zin
The Shining One

Shops:
D:4 :[?   D:6 =   D:9 %

Annotations:
D:2 Natasha


Innate Abilities, Weirdness & Mutations

You cannot wear most types of armour.
You are very stealthy in the water. (Stealth+)
((You are amphibious.))
You can wear up to eight rings at the same time.
((You can use your tentacles to constrict eight enemies at once.))
((Your skin changes colour to match your surroundings (Stealth+).))
((Your rubbery body absorbs attacks. (AC +1, EV +1)))


Message History

You turn into a venomous arachnid creature.
The electric eel shoots out a bolt of lightning at you!
The bolt of electricity hits you!
The electric eel shoots out a bolt of lightning at you!
The bolt of electricity hits you!
The electric eel shoots out a bolt of lightning at you!
The bolt of electricity hits the electric eel.
The electric eel completely resists.
The bolt of electricity hits you!
The electric eel shoots out a bolt of lightning at you!
The bolt of electricity hits you!
* * * LOW HITPOINT WARNING * * *
The electric eel shoots out a bolt of lightning at you!
The bolt of electricity hits the electric eel.
The electric eel completely resists.
The bolt of electricity hits you!
* * * LOW HITPOINT WARNING * * *
You closely miss the electric eel.
The electric eel shoots out a bolt of lightning at you!
The bolt of electricity hits you!
You die...
Your body crumbles into a pile of gold.

#.....≈≈≈≈..≈≈≈≈≈≈≈≈≈....# ##....
#....≈≈≈..≈...≈≈≈≈.......## #....
..;≈≈.≈≈≈...≈..≈≈≈≈≈≈.....# #....
....≈≈≈≈..>...............# #....
#..≈.≈≈≈≈......≈≈≈≈≈≈.....###....
....≈≈≈≈.≈.≈≈≈.≈≈≈≈≈≈.....##.####
.....≈≈≈;≈≈≈≈≈≈.≈≈≈≈.....##..# #
....≈≈≈;≈≈≈≈≈≈≈≈.≈≈≈....##..####
.......≈≈≈≈≈≈;≈;s.≈.≈......##..##
....≈.≈≈≈≈≈≈≈..≈...≈......#.....
≈≈≈≈≈....................
#######......<...........
##.###............. ###
#............. #.............
##............ #............


You could see 2 electric eels.

Vanquished Creatures
  Harold (D:7)
  Erica (D:9)
  The ghost of happy the Slinger, a journeyman OpHu of Gozag (D:9)
  A troll (D:8)
  A hippogriff (D:9)
  Sigmund (D:5)
  A spriggan (D:7)
  A hungry ghost (D:8)
  Eustachio (D:5)
  Edmund (D:5)
  Duvessa (D:7)
  An orc warrior (D:7)
  2 ice beasts
  A black bear (D:9)
  2 ogres
  3 wolves (D:8)
  A centaur (D:6)
  A big kobold (D:9)
  A bullfrog (D:7)
  Dowan (D:7)
  5 water moccasin zombies (Ossuary)
  A water moccasin skeleton (D:8)
  A bullfrog zombie (D:5)
  A crimson imp (D:8)
  A bullfrog skeleton (D:3)
  2 hounds
  2 orc priests
  Jessica (D:2)
  4 iguanas
  8 worker ants
  3 orc wizards
  A big kobold zombie (Ossuary)
  2 hound zombies (D:6)
  A mummy (Ossuary)
  10 adders
  6 oozes
  10 adder zombies (Ossuary)
  2 worms (D:3)
  A dart slug (D:2)
  4 leopard geckos
  19 orcs
  6 giant cockroaches
  3 gnoll zombies (Ossuary)
  20 goblins
  7 hobgoblins
  14 jackals
  A quokka (D:6)
  2 ball pythons
  7 bats
  8 frilled lizards
  2 hobgoblin zombies (Ossuary)
  A jackal skeleton (D:6)
  15 kobolds
  4 kobold zombies (Ossuary)
  5 orc zombies (Ossuary)
  A quokka skeleton (D:4)
  6 rats
211 creatures vanquished.

Vanquished Creatures (collateral kills)
  A troll (D:9)
  An ogre (D:4)
  A wolf (D:8)
  A water moccasin zombie (Ossuary)
  A jelly (D:8)
  A hound skeleton (D:9)
  A mummy (Ossuary)
  3 gnolls (D:9)
10 creatures vanquished.

Grand Total: 221 creatures vanquished

Notes
Turn   | Place    | Note
-------+----------+-------------------------------------------
     0 | D:1      | AlterAsc the Octopode Transmuter began the quest for the
                  | Orb.
     0 | D:1      | Reached XP level 1. HP: 13/13 MP: 3/3
   141 | D:1      | Reached XP level 2. HP: 17/18 MP: 5/5
   689 | D:1      | Reached XP level 3. HP: 18/23 MP: 4/6
   804 | D:1      | Learned a level 2 spell: Sticks to Snakes
   808 | D:1      | Learned a level 3 spell: Spider Form
  1475 | D:2      | Noticed Jessica
  1485 | D:2      | Killed Jessica
  1485 | D:2      | Reached XP level 4. HP: 18/28 MP: 6/8
  1667 | D:2      | Noticed Natasha
  1711 | D:2      | Found a basalt altar of Yredelemnul.
  2659 | D:3      | Reached XP level 5. HP: 22/33 MP: 7/9
  3003 | D:3      | Reached XP level 6. HP: 31/39 MP: 6/10
  3355 | D:4      | Found Wuifodd's Book Shoppe.
  3671 | D:4      | Found a glowing golden altar of the Shining One.
  3798 | D:4      | Found Hucrie Bues's Magic Scroll Shop.
  3817 | D:4      | Found a shimmering altar of Xom.
  3817 | D:4      | Found a glowing golden altar of the Shining One.
  3822 | D:4      | Found a shattered altar of Ashenzari.
  3826 | D:4      | Found a sparkling altar of Nemelex Xobeh.
  3828 | D:4      | Found a blossoming altar of Fedhas.
  3863 | D:4      | Found Vuntahoe's Antique Armour Shoppe.
  4048 | D:4      | Reached skill level 4 in Unarmed Combat
  4048 | D:4      | Reached skill level 5 in Transmutations
  4143 | D:5      | Entered Level 5 of the Dungeon
  4204 | D:5      | Reached XP level 7. HP: 40/45 MP: 6/12
  4217 | D:5      | Found a staircase to the Ecumenical Temple.
  4226 | Temple   | Entered the Ecumenical Temple
  4431 | Temple   | Became a worshipper of Gozag Ym Sagoz the Greedy
  4575 | D:5      | Noticed Sigmund
  4604 | D:5      | Noticed Edmund
  4607 | D:5      | Killed Sigmund
  4623 | D:5      | Killed Edmund
  4623 | D:5      | Reached skill level 5 in Unarmed Combat
  4667 | D:5      | Noticed Eustachio
  4688 | D:5      | Killed Eustachio
  4688 | D:5      | Reached XP level 8. HP: 38/52 MP: 11/14
  5244 | D:5      | Found a bloodstained altar of Trog.
  5433 | D:6      | Reached skill level 6 in Unarmed Combat
  5463 | D:6      | Found a sand-covered staircase.
  5477 | Ossuary  | Entered an ossuary
  6113 | D:6      | Found Ymmyemm's Jewellery Emporium.
  6138 | D:6      | Bought a +1 ring of evasion for 42 gold pieces
  6240 | D:6      | Reached XP level 9. HP: 58/59 MP: 13/16
  6569 | D:7      | Reached skill level 7 in Unarmed Combat
  6569 | D:7      | Reached skill level 5 in Spellcasting
  6732 | D:7      | Noticed Duvessa
  6747 | D:7      | Noticed Dowan
  6766 | D:7      | Killed Duvessa
  6773 | D:7      | Killed Dowan
  6925 | D:7      | Reached skill level 5 in Dodging
  6951 | D:7      | Noticed Harold
  6978 | D:7      | Killed Harold
  6978 | D:7      | Reached skill level 5 in Fighting
  6978 | D:7      | Reached skill level 8 in Unarmed Combat
  7755 | D:8      | Noticed a troll
  7774 | D:8      | Killed a troll
  7791 | D:8      | Reached XP level 10. HP: 34/66 MP: 9/18
  7954 | D:8      | Learned a level 4 spell: Ice Form
  8065 | D:8      | Found a staircase to the Lair.
  8491 | D:8      | Reached skill level 1 in Ice Magic
  8645 | D:9      | Noticed Erica
  8742 | D:9      | Found a runed translucent door.
  8803 | D:9      | Noticed happy's ghost (journeyman OpHu)
  8812 | D:9      | Killed Erica
  8930 | D:9      | Found a burning altar of Makhleb.
  9130 | D:9      | Found a flagged portal.
  9214 | D:9      | Killed happy's ghost
  9272 | D:9      | Reached skill level 9 in Unarmed Combat
  9565 | D:8      | Killed from afar by an electric eel

Levels and vault maps discovered:
D:1:      scummos_arrival_hexagon, layout_loops_ring, st_stairs_10,
          supply_closet_lemuel
D:2:      layout_loops_corners, lemuel_crystal_altar, hangedman_decor_riveting,
          uniq_jessica, uniq_natasha
D:3:      layout_basic
D:4:      minmay_chambers_of_twos, layout_rooms,
          chequers_temple_overflow_minitemple, first_ration, serial_shops, shop,
          nicolae_shop_trees, shop_fountains, nicolae_tso_carved_into_rock
D:5:      layout_basic, minmay_temple_entry_antechambers, nrook_uturn,
          trog_hazing_becter, uniq_edmund, uniq_sigmund, uniq_eustachio
D:6:      layout_loops_ring, serial_shops, nicolae_shop_trees,
          chequers_ossuary_entry_cave
D:7:      layout_basic, the_bakery, uniq_duvessa, uniq_harold
D:8:      layout_cave_pods, erik_lair_island
D:9:      layout_rooms, bloody_makhleb, enter_bailey_3,
          hellmonk_ghost_happy_afterlife, water_maze_lemuel, uniq_erica
Temple:   regret_index_temple_generic_petals

Skill      XL: |  1  2  3  4  5  6  7  8  9 10 |
---------------+-------------------------------+-----
Transmutations | 3 4 5 6 7 |  7.0
Spellcasting   | 3 4 5 7 |  7.0
Fighting       | 2 3 4 5 |  5.9
Unarmed Combat | 4 5 6 8 9 |  9.0
Dodging        | 3 4 5 6 |  6.2
Ice Magic      | 2 |  2.8

Action                   |  1- 3 |  4- 6 |  7- 9 | 10-12 || total
-------------------------+-------+-------+-------+-------++-------
Melee: Unarmed           |    69 |   150 |   368 |   142 ||   729
       Constrict         |    19 |    16 |    15 |     4 ||    54
       Tentacles         |    12 |    16 |    11 |     6 ||    45
       Kick              |     6 |     3 |     1 |       ||    10
       Punch             |     1 |     1 |       |     1 ||     3
 Cast: Beastly Appendage |    11 |     4 |     1 |       ||    16
       Sticks to Snakes  |     1 |     3 |    16 |    15 ||    35
       Spider Form       |       |    14 |    37 |    22 ||    73
Invok: Call Merchant     |       |       |       |     1 ||     1
 Abil: End Transformatio |       |       |     1 |       ||     1
  Use: Scroll            |       |       |     8 |       ||     8
       Potion            |       |       |     2 |     2 ||     4
 Stab: Sleeping          |     3 |     5 |     3 |       ||    11
       Distracted        |       |       |     4 |       ||     4
  Eat: Chunk             |     2 |    11 |       |       ||    13
       Ration            |       |       |     5 |     3 ||     8
Armor: Skin              |     5 |    11 |    17 |     5 ||    38
Dodge: Dodged            |    36 |    99 |   286 |   127 ||   548
